3088 views
Uploaded 2020-02-02 00:16:21
Game version 1.32 / 1.32.1
34:19 long 4on4 ladder game on (8)TwilightRuins_LV
Saved by BEARAND
3088 views
Uploaded 2020-02-02 00:16:21
Game version 1.32 / 1.32.1
34:19 long 4on4 ladder game on (8)TwilightRuins_LV


105 units @ 11.4k
/ 1.1k
407 buildings @ 29.7k
/ 15.6k



| Potion of Healing | 1 | 150 |
| Staff of Sanctuary | 3 | 750 |
| Staff of Teleportation | 3 | 450 |
| Boots of Speed | 3 | 750 |
| Healing Salve | 1 | 100 |
| Orb of Lightning | 1 | 375 |
| Orb of Corruption | 2 | 750 |
| Legion Doom-Horn | 1 | 500 |
| Pendant of Energy | 1 | 300 |
| total: | 16 | 4125g |
| Peasant | 23 | 1725 | / | 0 |
| Priest | 1 | 135 | / | 10 |
| Dragonhawk Rider | 4 | 800 | / | 120 |
| Gryphon Rider | 1 | 280 | / | 70 |
| total: | 29 | 2940g | / | 200w |
| Scout Tower | 107 | 3210 | / | 2140 |
| Arcane Tower | 14 | 980 | / | 700 |
| Guard Tower | 32 | 2240 | / | 1600 |
| Altar of Kings | 1 | 180 | / | 50 |
| Farm | 6 | 480 | / | 120 |
| Lumber Mill | 1 | 120 | / | 0 |
| Arcane Vault | 3 | 390 | / | 90 |
| Town Hall | 2 | 770 | / | 410 |
| Blacksmith | 1 | 140 | / | 60 |
| Barracks | 1 | 160 | / | 60 |
| Arcane Sanctum | 2 | 300 | / | 280 |
| Gryphon Aviary | 1 | 140 | / | 150 |
| Keep | 1 | 320 | / | 210 |
| Castle | 1 | 360 | / | 210 |
| total: | 125 | 5890g | / | 3360w |
| 0:01 | Peasant |
| 0:02 | Peasant |
| 0:09 | Altar of Kings |
| 0:18 | Farm |
| 0:20 | Scout Tower |
| 0:26 | Peasant |
| 0:27 | Peasant |
| 0:44 | Peasant |
| 0:48 | Farm |
| 1:06 | Peasant |
| 1:08 | Lumber Mill |
| 1:29 | Scout Tower |
| 1:35 | Peasant |
| 1:35 | Peasant |
| 1:35 | Peasant |
| 1:37 | Peasant |
| 1:38 | Arcane Tower |
| 1:56 | Scout Tower |
| 1:57 | Peasant |
| 2:09 | Blizzard |
| 2:13 | Guard Tower |
| 2:14 | Scout Tower |
| 2:36 | Peasant |
| 2:36 | Peasant |
| 2:50 | Guard Tower |
| 2:52 | Peasant |
| 3:10 | Brilliance Aura |
| 3:13 | Guard Tower |
| 3:13 | Scout Tower |
| 3:14 | Scout Tower |
| 3:25 | Arcane Vault |
| 3:27 | Improved Masonry |
| 4:02 | Guard Tower |
| 4:04 | Keep |
| 4:06 | Guard Tower |
| 4:16 | Farm |
| 4:47 | Farm |
| 4:52 | Scout Tower |
| 4:52 | Scout Tower |
| 4:52 | Scout Tower |
| 4:53 | Scout Tower |
| 4:54 | Scout Tower |
| 4:55 | Scout Tower |
| 5:02 | Farm |
| 5:55 | Guard Tower |
| 5:55 | Guard Tower |
| 6:22 | Guard Tower |
| 6:41 | Blizzard |
| 6:46 | Arcane Sanctum |
| 6:48 | Castle |
| 6:49 | Guard Tower |
| 6:50 | Scout Tower |
| 7:01 | Staff of Teleportation |
| 7:01 | Boots of Speed |
| 7:18 | Healing Salve |
| 7:29 | Guard Tower |
| 7:33 | Improved Lumber Harvesting |
| 7:35 | Advanced Masonry |
| 7:41 | Storm Bolt |
| 8:29 | Town Hall |
| 8:34 | Scout Tower |
| 8:35 | Scout Tower |
| 8:35 | Scout Tower |
| 8:36 | Scout Tower |
| 8:36 | Scout Tower |
| 8:36 | Scout Tower |
| 8:37 | Scout Tower |
| 8:37 | Scout Tower |
| 8:38 | Scout Tower |
| 8:38 | Scout Tower |
| 8:38 | Scout Tower |
| 8:39 | Scout Tower |
| 9:28 | Guard Tower |
| 9:55 | Imbued Masonry |
| 10:01 | Arcane Vault |
| 10:03 | Peasant |
| 10:13 | Guard Tower |
| 10:17 | Bash |
| 10:53 | Holy Light |
| 11:03 | Potion of Healing |
| 11:03 | Staff of Sanctuary |
| 12:20 | Arcane Sanctum |
| 12:26 | Peasant |
| 12:27 | Peasant |
| 12:27 | Peasant |
| 12:27 | Peasant |
| 12:40 | Peasant |
| 12:40 | Peasant |
| 12:40 | Peasant |
| 13:35 | Brilliance Aura |
| 13:52 | Magic Sentry |
| 13:53 | Priest |
| 14:00 | Town Hall |
| 14:03 | Scout Tower |
| 14:03 | Scout Tower |
| 14:04 | Scout Tower |
| 14:04 | Scout Tower |
| 14:05 | Scout Tower |
| 14:05 | Scout Tower |
| 14:06 | Scout Tower |
| 14:06 | Scout Tower |
| 14:06 | Scout Tower |
| 14:07 | Scout Tower |
| 14:07 | Scout Tower |
| 14:07 | Scout Tower |
| 14:08 | Scout Tower |
| 14:08 | Scout Tower |
| 14:09 | Scout Tower |
| 14:44 | Guard Tower |
| 15:00 | Divine Shield |
| 15:03 | Guard Tower |
| 15:04 | Arcane Vault |
| 15:07 | Storm Bolt |
| 15:29 | Guard Tower |
| 15:30 | Guard Tower |
| 15:38 | Scout Tower |
| 15:38 | Scout Tower |
| 15:39 | Scout Tower |
| 15:39 | Scout Tower |
| 15:47 | Staff of Sanctuary |
| 15:53 | Guard Tower |
| 16:03 | Boots of Speed |
| 16:07 | Boots of Speed |
| 16:11 | Staff of Teleportation |
| 16:31 | Guard Tower |
| 16:50 | Guard Tower |
| 16:52 | Peasant |
| 17:55 | Scout Tower |
| 17:56 | Scout Tower |
| 17:56 | Scout Tower |
| 17:56 | Scout Tower |
| 17:57 | Scout Tower |
| 17:57 | Scout Tower |
| 17:58 | Scout Tower |
| 17:58 | Scout Tower |
| 17:59 | Guard Tower |
| 18:00 | Guard Tower |
| 18:01 | Scout Tower |
| 18:02 | Scout Tower |
| 18:02 | Scout Tower |
| 18:02 | Scout Tower |
| 18:03 | Scout Tower |
| 18:03 | Scout Tower |
| 18:04 | Scout Tower |
| 18:04 | Scout Tower |
| 18:25 | Guard Tower |
| 18:27 | Priest Adept Training |
| 18:28 | Sorceress Adept Training |
| 18:29 | Gryphon Aviary |
| 18:30 | Blacksmith |
| 18:32 | Barracks |
| 18:34 | Guard Tower |
| 18:40 | Staff of Sanctuary |
| 18:51 | Staff of Teleportation |
| 18:59 | Orb of Lightning |
| 19:18 | Arcane Tower |
| 19:23 | Guard Tower |
| 20:02 | Dragonhawk Rider |
| 20:02 | Dragonhawk Rider |
| 20:02 | Dragonhawk Rider |
| 20:20 | Scout Tower |
| 20:20 | Scout Tower |
| 20:21 | Scout Tower |
| 20:21 | Scout Tower |
| 20:21 | Scout Tower |
| 20:22 | Scout Tower |
| 20:22 | Scout Tower |
| 20:23 | Scout Tower |
| 20:25 | Scout Tower |
| 20:25 | Scout Tower |
| 20:26 | Scout Tower |
| 20:26 | Scout Tower |
| 20:41 | Orb of Corruption |
| 20:43 | Orb of Corruption |
| 20:58 | Guard Tower |
| 21:23 | Holy Light |
| 21:39 | Legion Doom-Horn |
| 21:41 | Pendant of Energy |
| 22:30 | Scout Tower |
| 22:31 | Farm |
| 22:33 | Guard Tower |
| 22:37 | Animal War Training |
| 22:41 | Scout Tower |
| 22:41 | Scout Tower |
| 22:41 | Scout Tower |
| 22:42 | Scout Tower |
| 22:42 | Scout Tower |
| 22:42 | Scout Tower |
| 22:44 | Guard Tower |
| 22:46 | Scout Tower |
| 22:47 | Scout Tower |
| 22:47 | Scout Tower |
| 22:47 | Scout Tower |
| 22:49 | Scout Tower |
| 22:50 | Scout Tower |
| 22:51 | Scout Tower |
| 22:51 | Scout Tower |
| 22:51 | Scout Tower |
| 22:52 | Scout Tower |
| 23:01 | Scout Tower |
| 23:02 | Scout Tower |
| 23:02 | Scout Tower |
| 23:02 | Scout Tower |
| 23:03 | Scout Tower |
| 23:03 | Scout Tower |
| 23:04 | Scout Tower |
| 23:04 | Scout Tower |
| 23:07 | Scout Tower |
| 23:07 | Scout Tower |
| 23:08 | Scout Tower |
| 23:08 | Scout Tower |
| 23:12 | Studded Leather Armor |
| 23:13 | Gryphon Rider |
| 23:14 | Dragonhawk Rider |
| 23:16 | Arcane Tower |
| 23:23 | Scout Tower |
| 23:24 | Scout Tower |
| 23:24 | Scout Tower |
| 23:25 | Scout Tower |
| 23:26 | Scout Tower |
| 23:26 | Scout Tower |
| 23:51 | Arcane Tower |
| 24:23 | Bash |
| 24:52 | Arcane Tower |
| 24:53 | Arcane Tower |
| 24:56 | Brilliance Aura |
| 25:12 | Arcane Tower |
| 25:13 | Guard Tower |
| 25:16 | Reinforced Leather Armor |
| 25:43 | Arcane Tower |
| 26:42 | Divine Shield |
| 28:27 | Arcane Tower |
| 28:32 | Guard Tower |
| 29:33 | Storm Hammers |
| 29:34 | Cloud |
| 29:53 | Dragonhide Armor |
| 30:53 | Storm Bolt |
| 32:13 | Iron Forged Swords |
| 32:16 | Guard Tower |
| Right click | 2977 |
| Select | 946 |
| Select group | 673 |
| Build/train/purchase | 187 |
| Chat | 165 |
| Use ability | 143 |
| Assign group | 21 |
| Item give/drop | 20 |
| Misc. action | 12 |
| Minimap ping | 10 |
| Remove unit | 4 |


| Healing Salve | 2 | 200 |
| Orb of Lightning | 2 | 750 |
| Boots of Speed | 2 | 500 |
| Staff of Teleportation | 2 | 300 |
| total: | 8 | 1750g |
| Peon | 16 | 1200 | / | 0 |
| Troll Batrider | 10 | 1600 | / | 400 |
| Goblin Shredder | 1 | 375 | / | 100 |
| total: | 27 | 3175g | / | 500w |
| Watch Tower | 60 | 6600 | / | 4800 |
| Altar of Storms | 1 | 180 | / | 50 |
| Orc Burrow | 4 | 640 | / | 160 |
| War Mill | 1 | 205 | / | 0 |
| Voodoo Lounge | 4 | 520 | / | 120 |
| Great Hall | 5 | 1925 | / | 925 |
| Beastiary | 5 | 725 | / | 700 |
| Stronghold | 1 | 315 | / | 190 |
| Fortress | 1 | 325 | / | 190 |
| total: | 80 | 10795g | / | 6755w |
| 0:01 | Peon |
| 0:02 | Peon |
| 0:05 | Altar of Storms |
| 0:17 | Orc Burrow |
| 0:20 | Peon |
| 0:34 | Peon |
| 0:48 | War Mill |
| 0:57 | Peon |
| 1:11 | Voodoo Lounge |
| 1:14 | Peon |
| 1:25 | Peon |
| 1:41 | Orc Burrow |
| 1:45 | Orc Burrow |
| 1:49 | Peon |
| 1:59 | Peon |
| 2:05 | Watch Tower |
| 2:08 | Wind Walk |
| 2:16 | Healing Salve |
| 2:20 | Peon |
| 2:33 | Watch Tower |
| 2:48 | Watch Tower |
| 3:02 | Peon |
| 3:03 | Peon |
| 3:20 | Watch Tower |
| 3:38 | Stronghold |
| 3:42 | Watch Tower |
| 3:51 | Watch Tower |
| 3:53 | Watch Tower |
| 4:24 | Boots of Speed |
| 4:25 | Staff of Teleportation |
| 4:38 | Orc Burrow |
| 4:56 | Watch Tower |
| 5:22 | Watch Tower |
| 5:25 | Watch Tower |
| 5:27 | Watch Tower |
| 5:56 | Critical Strike |
| 6:27 | Watch Tower |
| 6:31 | Watch Tower |
| 6:47 | Voodoo Lounge |
| 6:48 | Voodoo Lounge |
| 7:28 | Watch Tower |
| 7:29 | Watch Tower |
| 7:36 | Watch Tower |
| 7:45 | Spiked Barricades |
| 7:45 | Reinforced Defenses |
| 8:37 | Watch Tower |
| 8:41 | Hex |
| 8:44 | Watch Tower |
| 8:46 | Watch Tower |
| 9:28 | Beastiary |
| 9:29 | Beastiary |
| 9:57 | Watch Tower |
| 9:58 | Watch Tower |
| 10:01 | Watch Tower |
| 10:17 | Voodoo Lounge |
| 11:08 | Wind Walk |
| 11:43 | Watch Tower |
| 11:48 | Watch Tower |
| 11:49 | Watch Tower |
| 11:55 | Watch Tower |
| 12:23 | Boots of Speed |
| 12:23 | Staff of Teleportation |
| 12:29 | Watch Tower |
| 12:31 | Watch Tower |
| 12:33 | Watch Tower |
| 12:42 | Great Hall |
| 12:48 | Watch Tower |
| 12:49 | Goblin Shredder |
| 12:58 | Watch Tower |
| 13:00 | Watch Tower |
| 13:20 | Healing Wave |
| 13:38 | Watch Tower |
| 13:39 | Watch Tower |
| 13:40 | Watch Tower |
| 13:50 | Watch Tower |
| 14:23 | Beastiary |
| 14:40 | Watch Tower |
| 14:41 | Watch Tower |
| 14:49 | Watch Tower |
| 14:51 | Watch Tower |
| 14:52 | Watch Tower |
| 15:18 | Peon |
| 15:18 | Peon |
| 15:18 | Peon |
| 15:18 | Peon |
| 15:46 | Fortress |
| 16:01 | Watch Tower |
| 16:02 | Watch Tower |
| 16:25 | Critical Strike |
| 16:30 | Watch Tower |
| 16:33 | Beastiary |
| 17:23 | Watch Tower |
| 17:24 | Watch Tower |
| 17:30 | Healing Wave |
| 18:09 | Liquid Fire |
| 18:12 | Steel Ranged Weapons |
| 18:12 | Steel Armor |
| 18:13 | Improved Spiked Barricades |
| 18:17 | Beastiary |
| 18:25 | Troll Batrider |
| 18:29 | Watch Tower |
| 18:32 | Orb of Lightning |
| 18:34 | Healing Salve |
| 18:40 | Watch Tower |
| 18:42 | Watch Tower |
| 19:20 | Troll Batrider |
| 19:26 | Watch Tower |
| 19:34 | Watch Tower |
| 19:52 | Troll Batrider |
| 20:07 | Watch Tower |
| 20:09 | Watch Tower |
| 20:17 | Thorium Ranged Weapons |
| 20:39 | Watch Tower |
| 20:42 | Watch Tower |
| 21:29 | Troll Batrider |
| 21:49 | Troll Batrider |
| 21:52 | Watch Tower |
| 21:56 | Orb of Lightning |
| 22:44 | Thorium Armor |
| 22:45 | Arcanite Ranged Weapons |
| 23:06 | Watch Tower |
| 24:17 | Troll Batrider |
| 25:21 | Troll Batrider |
| 26:44 | Troll Batrider |
| 26:44 | Troll Batrider |
| 26:55 | Wind Walk |
| 27:37 | Hex |
| 28:02 | Arcanite Armor |
| 28:42 | Great Hall |
| 29:35 | Troll Batrider |
| 30:45 | Great Hall |
| 30:47 | Watch Tower |
| 31:55 | Watch Tower |
| 32:28 | Great Hall |
| 32:30 | Great Hall |
| 33:03 | Watch Tower |
| Right click | 1884 |
| Select group | 611 |
| Select | 572 |
| Misc. action | 228 |
| Use ability | 99 |
| Build/train/purchase | 91 |
| Assign group | 14 |
| Minimap ping | 8 |
| Item give/drop | 5 |
| Esc | 2 |



| Rod of Necromancy | 1 | 150 |
| Orb of Corruption | 3 | 1125 |
| Periapt of Vitality | 1 | 325 |
| Boots of Speed | 3 | 750 |
| Staff of Teleportation | 3 | 450 |
| Circlet of Nobility | 3 | 525 |
| Staff of Sanctuary | 3 | 750 |
| Pendant of Energy | 1 | 300 |
| total: | 18 | 4375g |
| Acolyte | 7 | 525 | / | 0 |
| Ghoul | 8 | 960 | / | 0 |
| Obsidian Statue | 4 | 800 | / | 140 |
| total: | 19 | 2285g | / | 140w |
| Nerubian Tower | 2 | 200 | / | 40 |
| Spirit Tower | 9 | 1305 | / | 360 |
| Altar of Darkness | 1 | 180 | / | 50 |
| Ziggurat | 29 | 4350 | / | 1450 |
| Crypt | 1 | 200 | / | 50 |
| Graveyard | 1 | 215 | / | 0 |
| Tomb of Relics | 4 | 520 | / | 120 |
| Necropolis | 5 | 1125 | / | 0 |
| Slaughterhouse | 1 | 140 | / | 135 |
| Halls of the Dead | 4 | 1280 | / | 840 |
| Black Citadel | 1 | 325 | / | 230 |
| total: | 42 | 6730g | / | 1805w |
| 0:03 | Acolyte |
| 0:08 | Altar of Darkness |
| 0:10 | Ziggurat |
| 0:17 | Acolyte |
| 0:38 | Crypt |
| 1:37 | Ziggurat |
| 1:39 | Graveyard |
| 1:42 | Ghoul |
| 1:42 | Ghoul |
| 1:48 | Tomb of Relics |
| 1:54 | Tomb of Relics |
| 2:02 | Nerubian Tower |
| 2:07 | Death Coil |
| 2:08 | Ghoul |
| 2:29 | Ghoul |
| 2:29 | Ghoul |
| 3:03 | Rod of Necromancy |
| 3:19 | Ghoul |
| 3:19 | Ghoul |
| 4:11 | Unholy Aura |
| 4:27 | Halls of the Dead |
| 4:29 | Spirit Tower |
| 4:59 | Ghoul |
| 5:04 | Ziggurat |
| 5:07 | Ziggurat |
| 6:07 | Death Coil |
| 6:28 | Spirit Tower |
| 6:45 | Necropolis |
| 7:07 | Periapt of Vitality |
| 7:07 | Boots of Speed |
| 7:08 | Staff of Teleportation |
| 7:09 | Circlet of Nobility |
| 7:29 | Acolyte |
| 7:57 | Frost Nova |
| 7:58 | Black Citadel |
| 9:22 | Acolyte |
| 9:22 | Acolyte |
| 9:22 | Acolyte |
| 9:23 | Acolyte |
| 9:27 | Ziggurat |
| 9:29 | Ziggurat |
| 9:30 | Ziggurat |
| 9:30 | Ziggurat |
| 9:39 | Slaughterhouse |
| 10:31 | Nerubian Tower |
| 10:39 | Rain of Fire |
| 11:29 | Orb of Corruption |
| 11:49 | Staff of Teleportation |
| 11:49 | Boots of Speed |
| 11:50 | Circlet of Nobility |
| 12:05 | Spirit Tower |
| 12:14 | Unholy Aura |
| 12:35 | Staff of Sanctuary |
| 13:14 | Obsidian Statue |
| 13:14 | Obsidian Statue |
| 13:17 | Ziggurat |
| 13:18 | Ziggurat |
| 13:18 | Ziggurat |
| 13:19 | Ziggurat |
| 13:19 | Ziggurat |
| 13:19 | Ziggurat |
| 13:22 | Staff of Teleportation |
| 13:22 | Boots of Speed |
| 13:24 | Circlet of Nobility |
| 13:58 | Frost Armor |
| 14:20 | Howl of Terror |
| 15:17 | Spirit Tower |
| 15:39 | Tomb of Relics |
| 15:40 | Tomb of Relics |
| 15:52 | Obsidian Statue |
| 15:52 | Obsidian Statue |
| 16:23 | Ziggurat |
| 16:23 | Ziggurat |
| 16:24 | Ziggurat |
| 16:24 | Ziggurat |
| 16:48 | Orb of Corruption |
| 16:55 | Orb of Corruption |
| 17:13 | Frost Nova |
| 17:58 | Staff of Sanctuary |
| 18:50 | Ziggurat |
| 18:50 | Ziggurat |
| 18:53 | Halls of the Dead |
| 19:07 | Spirit Tower |
| 19:31 | Rain of Fire |
| 20:59 | Spirit Tower |
| 21:00 | Staff of Sanctuary |
| 21:42 | Death Coil |
| 22:09 | Ziggurat |
| 22:10 | Ziggurat |
| 22:11 | Ziggurat |
| 22:11 | Ziggurat |
| 22:12 | Ziggurat |
| 22:14 | Ziggurat |
| 23:06 | Pendant of Energy |
| 23:25 | Spirit Tower |
| 23:28 | Ziggurat |
| 23:29 | Ziggurat |
| 26:05 | Frost Armor |
| 26:07 | Howl of Terror |
| 27:13 | Necropolis |
| 27:17 | Necropolis |
| 27:18 | Necropolis |
| 28:19 | Necropolis |
| 29:20 | Halls of the Dead |
| 30:55 | Halls of the Dead |
| 31:16 | Ziggurat |
| 31:34 | Spirit Tower |
| 32:30 | Unholy Aura |
| 32:35 | Rain of Fire |
| 32:48 | Spirit Tower |
| Right click | 2293 |
| Select group | 2089 |
| Select | 280 |
| Use ability | 128 |
| Build/train/purchase | 112 |
| Misc. action | 94 |
| Minimap ping | 42 |
| Resource trade | 30 |
| Chat | 22 |
| Assign group | 18 |
| Item give/drop | 14 |
| Esc | 4 |
ChuckleMan
(103)
(34:17) : 


| Lesser Clarity Potion | 7 | 490 |
| Staff of Teleportation | 3 | 450 |
| Boots of Speed | 3 | 750 |
| Potion of Lesser Invulnerability | 1 | 150 |
| Potion of Invisibility | 1 | 100 |
| Healing Salve | 5 | 500 |
| Orb of Lightning | 2 | 750 |
| Orb of Corruption | 1 | 375 |
| Tiny Great Hall | 1 | 600 |
| Ancient Janggo of Endurance | 1 | 500 |
| Legion Doom-Horn | 1 | 500 |
| total: | 26 | 5165g |
| Peasant | 26 | 1950 | / | 0 |
| Sorceress | 1 | 155 | / | 20 |
| Priest | 1 | 135 | / | 10 |
| Goblin Shredder | 2 | 750 | / | 200 |
| total: | 30 | 2990g | / | 230w |
| Scout Tower | 145 | 4350 | / | 2900 |
| Arcane Tower | 2 | 140 | / | 100 |
| Guard Tower | 24 | 1680 | / | 1200 |
| Altar of Kings | 1 | 180 | / | 50 |
| Farm | 6 | 480 | / | 120 |
| Lumber Mill | 2 | 240 | / | 0 |
| Town Hall | 1 | 385 | / | 205 |
| Arcane Vault | 3 | 390 | / | 90 |
| Arcane Sanctum | 2 | 300 | / | 280 |
| Keep | 1 | 320 | / | 210 |
| Castle | 1 | 360 | / | 210 |
| total: | 160 | 6325g | / | 3645w |
| 0:05 | Peasant |
| 0:05 | Peasant |
| 0:09 | Altar of Kings |
| 0:15 | Farm |
| 0:29 | Peasant |
| 0:40 | Farm |
| 0:45 | Peasant |
| 0:53 | Lumber Mill |
| 0:58 | Peasant |
| 1:05 | Peasant |
| 1:16 | Peasant |
| 1:17 | Peasant |
| 1:26 | Farm |
| 1:29 | Peasant |
| 1:51 | Peasant |
| 1:56 | Scout Tower |
| 1:58 | Scout Tower |
| 1:58 | Scout Tower |
| 2:03 | Peasant |
| 2:06 | Scout Tower |
| 2:07 | Scout Tower |
| 2:08 | Scout Tower |
| 2:11 | Blizzard |
| 2:15 | Peasant |
| 2:22 | Arcane Tower |
| 2:44 | Peasant |
| 2:44 | Peasant |
| 2:47 | Guard Tower |
| 3:01 | Arcane Tower |
| 3:02 | Guard Tower |
| 3:05 | Scout Tower |
| 3:05 | Scout Tower |
| 3:06 | Scout Tower |
| 3:09 | Peasant |
| 3:13 | Scout Tower |
| 3:13 | Scout Tower |
| 3:14 | Scout Tower |
| 3:17 | Scout Tower |
| 3:51 | Keep |
| 4:26 | Brilliance Aura |
| 4:40 | Guard Tower |
| 4:49 | Lumber Mill |
| 5:18 | Town Hall |
| 5:22 | Staff of Teleportation |
| 5:25 | Boots of Speed |
| 5:30 | Guard Tower |
| 5:34 | Guard Tower |
| 5:42 | Healing Salve |
| 5:45 | Lesser Clarity Potion |
| 5:55 | Scout Tower |
| 5:56 | Scout Tower |
| 5:58 | Scout Tower |
| 5:58 | Scout Tower |
| 6:30 | Guard Tower |
| 6:51 | Scout Tower |
| 6:52 | Scout Tower |
| 7:14 | Goblin Shredder |
| 7:21 | Guard Tower |
| 7:34 | Scout Tower |
| 7:34 | Scout Tower |
| 7:35 | Scout Tower |
| 7:35 | Scout Tower |
| 7:35 | Scout Tower |
| 7:36 | Scout Tower |
| 8:16 | Guard Tower |
| 8:17 | Scout Tower |
| 8:18 | Scout Tower |
| 8:19 | Scout Tower |
| 8:19 | Scout Tower |
| 8:26 | Improved Masonry |
| 8:29 | Guard Tower |
| 8:33 | Goblin Shredder |
| 8:48 | Blizzard |
| 9:01 | Castle |
| 9:30 | Scout Tower |
| 9:30 | Scout Tower |
| 9:31 | Scout Tower |
| 9:31 | Scout Tower |
| 9:32 | Scout Tower |
| 9:32 | Scout Tower |
| 9:32 | Scout Tower |
| 9:33 | Scout Tower |
| 9:33 | Scout Tower |
| 9:35 | Guard Tower |
| 9:36 | Scout Tower |
| 9:37 | Scout Tower |
| 9:37 | Scout Tower |
| 9:38 | Scout Tower |
| 9:39 | Scout Tower |
| 9:39 | Scout Tower |
| 9:39 | Scout Tower |
| 9:40 | Scout Tower |
| 9:40 | Scout Tower |
| 10:19 | Arcane Vault |
| 10:20 | Scout Tower |
| 10:20 | Scout Tower |
| 10:21 | Scout Tower |
| 10:21 | Scout Tower |
| 10:22 | Scout Tower |
| 10:22 | Scout Tower |
| 10:23 | Scout Tower |
| 10:23 | Scout Tower |
| 10:26 | Flame Strike |
| 10:28 | Lesser Clarity Potion |
| 10:28 | Healing Salve |
| 10:32 | Lesser Clarity Potion |
| 10:32 | Healing Salve |
| 10:47 | Advanced Masonry |
| 10:50 | Scout Tower |
| 10:51 | Scout Tower |
| 10:51 | Scout Tower |
| 10:52 | Scout Tower |
| 10:52 | Scout Tower |
| 10:53 | Scout Tower |
| 10:54 | Scout Tower |
| 10:54 | Scout Tower |
| 10:55 | Scout Tower |
| 10:55 | Scout Tower |
| 10:56 | Scout Tower |
| 12:01 | Guard Tower |
| 12:08 | Guard Tower |
| 12:10 | Arcane Vault |
| 12:11 | Arcane Vault |
| 12:13 | Scout Tower |
| 12:14 | Scout Tower |
| 12:14 | Scout Tower |
| 12:14 | Scout Tower |
| 12:19 | Rain of Fire |
| 12:24 | Guard Tower |
| 12:26 | Scout Tower |
| 12:27 | Scout Tower |
| 12:27 | Scout Tower |
| 12:27 | Scout Tower |
| 12:29 | Scout Tower |
| 13:22 | Guard Tower |
| 13:23 | Scout Tower |
| 13:24 | Scout Tower |
| 13:24 | Scout Tower |
| 13:24 | Scout Tower |
| 13:26 | Scout Tower |
| 13:26 | Scout Tower |
| 13:27 | Scout Tower |
| 13:28 | Scout Tower |
| 13:40 | Guard Tower |
| 13:43 | Arcane Sanctum |
| 13:45 | Arcane Sanctum |
| 13:50 | Guard Tower |
| 13:51 | Scout Tower |
| 13:51 | Scout Tower |
| 13:52 | Scout Tower |
| 13:52 | Scout Tower |
| 13:53 | Scout Tower |
| 13:53 | Scout Tower |
| 13:53 | Scout Tower |
| 13:54 | Scout Tower |
| 13:55 | Scout Tower |
| 13:56 | Scout Tower |
| 13:56 | Scout Tower |
| 13:57 | Scout Tower |
| 13:57 | Scout Tower |
| 13:59 | Imbued Masonry |
| 13:59 | Improved Lumber Harvesting |
| 14:42 | Lesser Clarity Potion |
| 14:43 | Lesser Clarity Potion |
| 14:47 | Guard Tower |
| 14:49 | Scout Tower |
| 14:50 | Scout Tower |
| 14:50 | Scout Tower |
| 14:51 | Scout Tower |
| 14:51 | Scout Tower |
| 14:52 | Scout Tower |
| 14:52 | Scout Tower |
| 14:52 | Scout Tower |
| 14:53 | Scout Tower |
| 14:53 | Scout Tower |
| 15:05 | Guard Tower |
| 15:07 | Magic Sentry |
| 15:08 | Sorceress Adept Training |
| 15:08 | Priest Adept Training |
| 15:09 | Sorceress |
| 15:09 | Priest |
| 15:11 | Farm |
| 15:12 | Farm |
| 15:17 | Guard Tower |
| 15:49 | Siphon Mana |
| 16:17 | Guard Tower |
| 16:21 | Scout Tower |
| 16:21 | Scout Tower |
| 16:21 | Scout Tower |
| 16:22 | Scout Tower |
| 16:22 | Scout Tower |
| 16:23 | Scout Tower |
| 16:58 | Scout Tower |
| 16:58 | Scout Tower |
| 16:58 | Scout Tower |
| 16:59 | Scout Tower |
| 17:00 | Scout Tower |
| 17:00 | Scout Tower |
| 17:01 | Scout Tower |
| 17:01 | Scout Tower |
| 17:56 | Boots of Speed |
| 17:57 | Staff of Teleportation |
| 18:02 | Potion of Lesser Invulnerability |
| 18:04 | Potion of Invisibility |
| 18:05 | Boots of Speed |
| 18:20 | Brilliance Aura |
| 18:37 | Orb of Lightning |
| 18:40 | Orb of Corruption |
| 18:41 | Healing Salve |
| 18:42 | Healing Salve |
| 18:42 | Lesser Clarity Potion |
| 18:45 | Lesser Clarity Potion |
| 18:55 | Guard Tower |
| 18:59 | Scout Tower |
| 19:00 | Scout Tower |
| 19:23 | Ancient Janggo of Endurance |
| 19:25 | Legion Doom-Horn |
| 20:20 | Cleaving Attack |
| 20:50 | Staff of Teleportation |
| 20:59 | Guard Tower |
| 21:00 | Scout Tower |
| 21:01 | Scout Tower |
| 21:01 | Scout Tower |
| 21:02 | Scout Tower |
| 21:02 | Scout Tower |
| 21:02 | Scout Tower |
| 21:07 | Scout Tower |
| 21:07 | Scout Tower |
| 21:08 | Scout Tower |
| 21:09 | Scout Tower |
| 21:09 | Scout Tower |
| 21:10 | Scout Tower |
| 21:41 | Scout Tower |
| 21:42 | Scout Tower |
| 21:42 | Scout Tower |
| 21:43 | Scout Tower |
| 21:43 | Scout Tower |
| 21:44 | Scout Tower |
| 21:45 | Scout Tower |
| 21:45 | Scout Tower |
| 21:46 | Scout Tower |
| 21:46 | Scout Tower |
| 21:47 | Scout Tower |
| 23:38 | Flame Strike |
| 23:41 | Rain of Fire |
| 23:50 | Guard Tower |
| 24:03 | Guard Tower |
| 25:19 | Orb of Lightning |
| 25:19 | Tiny Great Hall |
| 26:10 | Peasant |
| 26:10 | Peasant |
| 26:10 | Peasant |
| 26:10 | Peasant |
| 26:10 | Peasant |
| 26:11 | Peasant |
| 26:11 | Peasant |
| 26:52 | Peasant |
| 26:52 | Peasant |
| 28:33 | Siphon Mana |
| 28:51 | Peasant |
| 28:51 | Peasant |
| 29:51 | Cleaving Attack |
| 30:06 | Brilliance Aura |
| 32:03 | Farm |
| Right click | 1375 |
| Use ability | 344 |
| Select group | 333 |
| Select | 316 |
| Build/train/purchase | 168 |
| Chat | 42 |
| Misc. action | 35 |
| Resource trade | 18 |
| Assign group | 16 |
| Esc | 6 |
| Item give/drop | 5 |
| Minimap ping | 5 |
216 units @ 32.9k
/ 4.7k
121 buildings @ 14.5k
/ 6.2k


| Rod of Necromancy | 2 | 300 |
| Orb of Corruption | 1 | 375 |
| Potion of Healing | 1 | 150 |
| Scroll of Town Portal | 2 | 700 |
| Dust of Appearance | 1 | 75 |
| total: | 7 | 1600g |
| Acolyte | 8 | 600 | / | 0 |
| Ghoul | 4 | 480 | / | 0 |
| Crypt Fiend | 15 | 3225 | / | 600 |
| Obsidian Statue | 4 | 800 | / | 140 |
| Abomination | 4 | 960 | / | 280 |
| Frost Wyrm | 3 | 1155 | / | 360 |
| total: | 38 | 7220g | / | 1380w |
| Nerubian Tower | 2 | 200 | / | 40 |
| Spirit Tower | 2 | 290 | / | 80 |
| Altar of Darkness | 2 | 360 | / | 100 |
| Ziggurat | 8 | 1200 | / | 400 |
| Crypt | 1 | 200 | / | 50 |
| Tomb of Relics | 1 | 130 | / | 30 |
| Graveyard | 1 | 215 | / | 0 |
| Necropolis | 1 | 225 | / | 0 |
| Slaughterhouse | 2 | 280 | / | 270 |
| Sacrificial Pit | 1 | 75 | / | 150 |
| Boneyard | 1 | 175 | / | 200 |
| Halls of the Dead | 1 | 320 | / | 210 |
| Black Citadel | 1 | 325 | / | 230 |
| total: | 18 | 2860g | / | 1200w |
| 0:05 | Acolyte |
| 0:06 | Acolyte |
| 0:11 | Altar of Darkness |
| 0:15 | Altar of Darkness |
| 0:17 | Ziggurat |
| 0:34 | Crypt |
| 0:57 | Tomb of Relics |
| 1:27 | Graveyard |
| 1:39 | Ghoul |
| 1:42 | Ghoul |
| 2:05 | Ghoul |
| 2:16 | Rod of Necromancy |
| 2:19 | Death Coil |
| 2:28 | Ziggurat |
| 2:51 | Ghoul |
| 3:20 | Crypt Fiend |
| 3:29 | Crypt Fiend |
| 3:35 | Rod of Necromancy |
| 3:50 | Unholy Aura |
| 4:04 | Ziggurat |
| 4:09 | Crypt Fiend |
| 4:11 | Acolyte |
| 4:57 | Acolyte |
| 4:57 | Acolyte |
| 4:58 | Acolyte |
| 4:58 | Acolyte |
| 5:15 | Crypt Fiend |
| 5:48 | Death Coil |
| 5:50 | Necropolis |
| 6:06 | Acolyte |
| 6:16 | Crypt Fiend |
| 6:37 | Ziggurat |
| 6:40 | Ziggurat |
| 6:54 | Nerubian Tower |
| 6:57 | Halls of the Dead |
| 7:18 | Ziggurat |
| 7:30 | Nerubian Tower |
| 7:34 | Crypt Fiend |
| 7:38 | Spirit Tower |
| 7:47 | Crypt Fiend |
| 8:17 | Spirit Tower |
| 8:21 | Creature Attack |
| 8:21 | Creature Carapace |
| 8:56 | Crypt Fiend |
| 9:44 | Black Citadel |
| 9:46 | Slaughterhouse |
| 9:47 | Slaughterhouse |
| 10:12 | Burrow |
| 10:23 | Ziggurat |
| 10:29 | Frost Nova |
| 10:35 | Web |
| 10:56 | Crypt Fiend |
| 10:56 | Crypt Fiend |
| 11:16 | Obsidian Statue |
| 11:30 | Crypt Fiend |
| 11:52 | Obsidian Statue |
| 12:14 | Destroyer Form |
| 12:25 | Crypt Fiend |
| 12:26 | Obsidian Statue |
| 13:21 | Orb of Corruption |
| 13:58 | Abomination |
| 14:56 | Scroll of Town Portal |
| 14:58 | Dust of Appearance |
| 14:59 | Potion of Healing |
| 15:48 | Abomination |
| 15:49 | Crypt Fiend |
| 15:57 | Improved Creature Attack |
| 16:37 | Obsidian Statue |
| 18:55 | Unholy Aura |
| 19:05 | Abomination |
| 19:07 | Crypt Fiend |
| 19:22 | Dark Ritual |
| 19:37 | Crypt Fiend |
| 19:45 | Abomination |
| 19:51 | Sacrificial Pit |
| 19:52 | Ziggurat |
| 20:47 | Boneyard |
| 20:51 | Scroll of Town Portal |
| 21:07 | Advanced Creature Attack |
| 21:21 | Disease Cloud |
| 22:13 | Freezing Breath |
| 23:27 | Frost Wyrm |
| 23:32 | Improved Creature Carapace |
| 24:24 | Frost Wyrm |
| 24:24 | Frost Wyrm |
| Right click | 1400 |
| Select group | 1364 |
| Select | 322 |
| Build/train/purchase | 95 |
| Assign group | 57 |
| Use ability | 33 |
| Minimap ping | 9 |
| Misc. action | 6 |
| Resource trade | 5 |
| Item give/drop | 3 |

| Peasant | 8 | 600 | / | 0 |
| Footman | 4 | 540 | / | 0 |
| Rifleman | 29 | 5945 | / | 870 |
| Mortar Team | 4 | 720 | / | 280 |
| Siege Engine | 2 | 390 | / | 120 |
| total: | 47 | 8195g | / | 1270w |
| Scout Tower | 2 | 60 | / | 40 |
| Guard Tower | 2 | 140 | / | 100 |
| Altar of Kings | 1 | 180 | / | 50 |
| Barracks | 1 | 160 | / | 60 |
| Farm | 9 | 720 | / | 180 |
| Lumber Mill | 1 | 120 | / | 0 |
| Blacksmith | 1 | 140 | / | 60 |
| Workshop | 1 | 140 | / | 140 |
| Keep | 1 | 320 | / | 210 |
| Castle | 1 | 360 | / | 210 |
| total: | 16 | 1520g | / | 530w |
| 0:06 | Peasant |
| 0:09 | Altar of Kings |
| 0:14 | Barracks |
| 0:19 | Farm |
| 0:23 | Peasant |
| 0:52 | Peasant |
| 1:11 | Scout Tower |
| 1:18 | Peasant |
| 1:32 | Footman |
| 1:45 | Lumber Mill |
| 1:49 | Peasant |
| 2:25 | Farm |
| 2:27 | Farm |
| 2:30 | Peasant |
| 2:44 | Devotion Aura |
| 2:52 | Blacksmith |
| 3:07 | Footman |
| 3:08 | Footman |
| 3:09 | Footman |
| 3:13 | Guard Tower |
| 3:16 | Peasant |
| 3:26 | Farm |
| 3:28 | Farm |
| 4:07 | Rifleman |
| 4:11 | Black Gunpowder |
| 4:38 | Farm |
| 4:43 | Keep |
| 5:21 | Studded Leather Armor |
| 5:24 | Rifleman |
| 6:08 | Rifleman |
| 6:09 | Rifleman |
| 6:19 | Farm |
| 6:40 | Holy Light |
| 6:54 | Rifleman |
| 7:04 | Refined Gunpowder |
| 7:07 | Peasant |
| 7:10 | Farm |
| 7:23 | Rifleman |
| 7:36 | Long Rifles |
| 8:18 | Rifleman |
| 8:20 | Rifleman |
| 8:44 | Workshop |
| 9:37 | Reinforced Leather Armor |
| 9:38 | Rifleman |
| 10:17 | Farm |
| 10:23 | Flare |
| 10:24 | Mortar Team |
| 11:12 | Rifleman |
| 11:12 | Rifleman |
| 11:12 | Rifleman |
| 11:35 | Rifleman |
| 12:04 | Mortar Team |
| 12:32 | Rifleman |
| 12:41 | Castle |
| 13:46 | Scout Tower |
| 15:21 | Imbued Gunpowder |
| 15:24 | Dragonhide Armor |
| 15:27 | Guard Tower |
| 17:49 | Rifleman |
| 17:49 | Rifleman |
| 17:49 | Rifleman |
| 17:58 | Fragmentation Shards |
| 17:58 | Mortar Team |
| 18:00 | Mortar Team |
| 18:07 | Rifleman |
| 18:10 | Siege Engine |
| 18:58 | Rifleman |
| 18:58 | Rifleman |
| 19:03 | Barrage |
| 19:07 | Rifleman |
| 19:19 | Siege Engine |
| 20:04 | Rifleman |
| 20:06 | Rifleman |
| 20:20 | Rifleman |
| 22:33 | Rifleman |
| 22:33 | Rifleman |
| 22:33 | Rifleman |
| 22:34 | Rifleman |
| 22:34 | Rifleman |
| Right click | 239 |
| Select | 159 |
| Build/train/purchase | 64 |
| Select group | 63 |
| Assign group | 7 |
| Use ability | 5 |
| Esc | 1 |

| Scroll of Town Portal | 1 | 350 |
| total: | 1 | 350g |
| Wisp | 22 | 1320 | / | 0 |
| Huntress | 29 | 5655 | / | 580 |
| total: | 51 | 6975g | / | 580w |
| Ancient Protector | 24 | 3240 | / | 1920 |
| Altar of Elders | 1 | 180 | / | 50 |
| Moon Well | 10 | 1800 | / | 400 |
| Hunter's Hall | 1 | 210 | / | 100 |
| Ancient of War | 1 | 150 | / | 60 |
| Ancient of Wonders | 1 | 90 | / | 30 |
| Tree of Ages | 1 | 320 | / | 180 |
| Tree of Eternity | 1 | 330 | / | 200 |
| total: | 38 | 5670g | / | 2560w |
| 0:14 | Wisp |
| 0:14 | Wisp |
| 0:14 | Wisp |
| 0:14 | Wisp |
| 0:32 | Altar of Elders |
| 1:05 | Moon Well |
| 1:28 | Wisp |
| 1:29 | Wisp |
| 1:30 | Wisp |
| 1:52 | Hunter's Hall |
| 2:24 | Ancient of War |
| 2:46 | Moon Well |
| 2:54 | Wisp |
| 2:54 | Wisp |
| 2:54 | Wisp |
| 2:55 | Wisp |
| 3:06 | Immolation |
| 3:18 | Moon Well |
| 3:48 | Moon Well |
| 3:53 | Huntress |
| 3:53 | Huntress |
| 3:53 | Huntress |
| 3:53 | Huntress |
| 3:53 | Huntress |
| 4:30 | Ancient Protector |
| 5:10 | Moon Well |
| 5:25 | Huntress |
| 5:25 | Huntress |
| 5:25 | Huntress |
| 5:29 | Tree of Ages |
| 6:17 | Ancient Protector |
| 6:26 | Moon Well |
| 6:58 | Evasion |
| 7:20 | Huntress |
| 7:20 | Huntress |
| 7:21 | Huntress |
| 7:50 | Ancient Protector |
| 8:10 | Wisp |
| 8:11 | Wisp |
| 8:11 | Wisp |
| 8:14 | Wisp |
| 8:22 | Moon Well |
| 9:00 | Moon Glaive |
| 9:02 | Strength of the Moon |
| 9:03 | Moon Armor |
| 9:05 | Huntress |
| 9:06 | Huntress |
| 11:41 | Immolation |
| 12:23 | Huntress |
| 12:23 | Huntress |
| 12:23 | Huntress |
| 12:26 | Huntress |
| 12:42 | Moon Well |
| 12:44 | Tree of Eternity |
| 13:12 | Ancient of Wonders |
| 13:22 | Improved Moon Armor |
| 13:22 | Improved Strength of the Moon |
| 13:31 | Huntress |
| 13:31 | Huntress |
| 14:04 | Moon Well |
| 14:20 | Scroll of Town Portal |
| 15:04 | Huntress |
| 15:04 | Huntress |
| 17:05 | Huntress |
| 17:05 | Huntress |
| 17:05 | Huntress |
| 17:06 | Huntress |
| 17:06 | Huntress |
| 17:56 | Huntress |
| 17:57 | Huntress |
| 17:57 | Huntress |
| 18:18 | Ancient Protector |
| 19:23 | Advanced Strength of the Moon |
| 19:24 | Advanced Moon Armor |
| 21:40 | Moon Well |
| 21:47 | Ancient Protector |
| 21:52 | Ancient Protector |
| 21:56 | Ancient Protector |
| 22:02 | Ancient Protector |
| 22:10 | Ancient Protector |
| 22:13 | Ancient Protector |
| 22:19 | Ancient Protector |
| 22:22 | Ancient Protector |
| 22:28 | Ancient Protector |
| 24:32 | Wisp |
| 24:33 | Wisp |
| 24:33 | Wisp |
| 24:33 | Wisp |
| 24:33 | Wisp |
| 24:34 | Wisp |
| 24:34 | Wisp |
| 25:34 | Ancient Protector |
| 25:38 | Ancient Protector |
| 25:43 | Ancient Protector |
| 25:48 | Ancient Protector |
| 25:56 | Ancient Protector |
| 26:01 | Ancient Protector |
| 26:05 | Ancient Protector |
| 26:09 | Ancient Protector |
| 26:14 | Ancient Protector |
| 26:24 | Ancient Protector |
| 26:36 | Ancient Protector |
| Right click | 226 |
| Select | 172 |
| Build/train/purchase | 74 |
| Chat | 44 |
| Resource trade | 10 |
| Misc. action | 5 |
| Use ability | 4 |
| Minimap ping | 3 |
| Remove unit | 2 |


| Scroll of Regeneration | 3 | 300 |
| Lesser Clarity Potion | 3 | 210 |
| Staff of Sanctuary | 1 | 250 |
| total: | 7 | 760g |
| Peasant | 42 | 3150 | / | 0 |
| Footman | 9 | 1215 | / | 0 |
| Gryphon Rider | 6 | 1680 | / | 420 |
| Knight | 4 | 980 | / | 240 |
| Flying Machine | 4 | 400 | / | 120 |
| Dragonhawk Rider | 9 | 1800 | / | 270 |
| Mortar Team | 4 | 720 | / | 280 |
| Siege Engine | 1 | 195 | / | 60 |
| Goblin Shredder | 1 | 375 | / | 100 |
| total: | 80 | 10515g | / | 1490w |
| Scout Tower | 15 | 450 | / | 300 |
| Arcane Tower | 9 | 630 | / | 450 |
| Guard Tower | 4 | 280 | / | 200 |
| Altar of Kings | 1 | 180 | / | 50 |
| Barracks | 3 | 480 | / | 180 |
| Farm | 17 | 1360 | / | 340 |
| Arcane Vault | 3 | 390 | / | 90 |
| Town Hall | 1 | 385 | / | 205 |
| Lumber Mill | 3 | 360 | / | 0 |
| Blacksmith | 1 | 140 | / | 60 |
| Cannon Tower | 1 | 120 | / | 100 |
| Gryphon Aviary | 2 | 280 | / | 300 |
| Workshop | 2 | 280 | / | 280 |
| Arcane Sanctum | 1 | 150 | / | 140 |
| Keep | 1 | 320 | / | 210 |
| Castle | 1 | 360 | / | 210 |
| total: | 49 | 4455g | / | 1945w |
| 0:04 | Peasant |
| 0:08 | Altar of Kings |
| 0:13 | Peasant |
| 0:23 | Barracks |
| 0:27 | Peasant |
| 0:36 | Farm |
| 0:50 | Peasant |
| 0:53 | Farm |
| 0:57 | Peasant |
| 1:21 | Peasant |
| 1:26 | Footman |
| 1:35 | Farm |
| 1:38 | Peasant |
| 1:48 | Footman |
| 1:57 | Peasant |
| 2:03 | Arcane Vault |
| 2:08 | Peasant |
| 2:08 | Peasant |
| 2:12 | Flame Strike |
| 2:25 | Farm |
| 2:28 | Farm |
| 2:30 | Farm |
| 2:40 | Footman |
| 2:50 | Peasant |
| 2:56 | Peasant |
| 3:03 | Farm |
| 3:09 | Scroll of Regeneration |
| 3:11 | Lesser Clarity Potion |
| 3:56 | Siphon Mana |
| 4:27 | Town Hall |
| 4:38 | Lumber Mill |
| 4:42 | Lesser Clarity Potion |
| 4:42 | Scroll of Regeneration |
| 4:45 | Footman |
| 4:49 | Peasant |
| 4:50 | Peasant |
| 5:27 | Scout Tower |
| 5:31 | Scout Tower |
| 5:35 | Footman |
| 6:06 | Siphon Mana |
| 6:06 | Siphon Mana |
| 6:16 | Peasant |
| 6:16 | Peasant |
| 6:16 | Peasant |
| 6:30 | Peasant |
| 6:30 | Peasant |
| 6:30 | Peasant |
| 6:45 | Arcane Tower |
| 6:47 | Scout Tower |
| 6:48 | Keep |
| 6:51 | Footman |
| 7:05 | Peasant |
| 7:07 | Scout Tower |
| 7:10 | Scout Tower |
| 7:11 | Peasant |
| 7:15 | Guard Tower |
| 7:17 | Improved Masonry |
| 7:27 | Guard Tower |
| 7:30 | Arcane Tower |
| 8:33 | Barracks |
| 8:50 | Farm |
| 9:12 | Footman |
| 9:30 | Farm |
| 9:39 | Scout Tower |
| 9:45 | Farm |
| 9:50 | Peasant |
| 9:50 | Peasant |
| 9:51 | Peasant |
| 10:11 | Farm |
| 10:16 | Peasant |
| 10:16 | Peasant |
| 10:16 | Peasant |
| 10:36 | Improved Lumber Harvesting |
| 10:46 | Farm |
| 10:59 | Barracks |
| 11:44 | Castle |
| 12:04 | Advanced Masonry |
| 12:27 | Lumber Mill |
| 12:33 | Farm |
| 12:57 | Footman |
| 13:21 | Peasant |
| 13:21 | Peasant |
| 13:23 | Arcane Tower |
| 13:24 | Footman |
| 13:32 | Blacksmith |
| 13:43 | Gryphon Aviary |
| 13:46 | Scroll of Regeneration |
| 13:46 | Lesser Clarity Potion |
| 14:42 | Lumber Mill |
| 14:43 | Peasant |
| 14:44 | Peasant |
| 14:44 | Peasant |
| 14:44 | Peasant |
| 14:44 | Peasant |
| 15:05 | Animal War Training |
| 15:09 | Storm Bolt |
| 15:14 | Farm |
| 15:22 | Goblin Shredder |
| 15:28 | Gryphon Rider |
| 15:30 | Knight |
| 16:29 | Scout Tower |
| 16:38 | Gryphon Rider |
| 16:40 | Workshop |
| 16:42 | Black Gunpowder |
| 16:57 | Gryphon Aviary |
| 17:02 | Arcane Tower |
| 17:03 | Scout Tower |
| 17:16 | Arcane Sanctum |
| 17:31 | Peasant |
| 17:32 | Peasant |
| 17:49 | Flying Machine |
| 17:51 | Refined Gunpowder |
| 17:59 | Farm |
| 18:02 | Gryphon Rider |
| 18:19 | Gryphon Rider |
| 18:19 | Dragonhawk Rider |
| 18:32 | Scout Tower |
| 18:33 | Peasant |
| 18:33 | Peasant |
| 18:34 | Peasant |
| 18:34 | Peasant |
| 18:43 | Dragonhawk Rider |
| 18:44 | Cloud |
| 19:02 | Staff of Sanctuary |
| 19:05 | Peasant |
| 19:06 | Arcane Tower |
| 19:11 | Arcane Tower |
| 19:12 | Scout Tower |
| 19:15 | Scout Tower |
| 19:23 | Iron Forged Swords |
| 19:24 | Dragonhawk Rider |
| 19:25 | Gryphon Rider |
| 19:37 | Mortar Team |
| 19:41 | Imbued Masonry |
| 19:48 | Cannon Tower |
| 19:49 | Scout Tower |
| 19:52 | Magic Sentry |
| 20:00 | Dragonhawk Rider |
| 20:20 | Guard Tower |
| 20:21 | Scout Tower |
| 20:37 | Dragonhawk Rider |
| 20:38 | Dragonhawk Rider |
| 20:42 | Scout Tower |
| 20:45 | Advanced Lumber Harvesting |
| 20:49 | Steel Forged Swords |
| 20:56 | Siege Engine |
| 20:57 | Mortar Team |
| 20:58 | Flying Machine |
| 20:58 | Flying Machine |
| 20:58 | Flying Machine |
| 21:40 | Knight |
| 21:40 | Knight |
| 21:42 | Workshop |
| 21:51 | Arcane Tower |
| 21:52 | Scout Tower |
| 22:07 | Arcane Tower |
| 22:24 | Knight |
| 22:46 | Guard Tower |
| 22:48 | Gryphon Rider |
| 23:25 | Dragonhawk Rider |
| 23:26 | Dragonhawk Rider |
| 24:37 | Arcane Vault |
| 24:38 | Arcane Vault |
| 24:40 | Mortar Team |
| 24:56 | Dragonhawk Rider |
| 26:54 | Mortar Team |
| 28:38 | Farm |
| 28:42 | Farm |
| Right click | 2039 |
| Select | 712 |
| Select group | 604 |
| Build/train/purchase | 149 |
| Misc. action | 46 |
| Assign group | 40 |
| Use ability | 36 |
| Esc | 12 |
| Minimap ping | 1 |
⇛